 Dungeon Crawl Stone Soup version 0.31.0-32-g396128a36d (webtiles) character file.

Game seed: 11053056367920301854

2144 ChadusMaximus the Summoner (level 9, -9/57 HPs)
             Began as a Barachi Summoner on Mar 14, 2024.
             Killed from afar by a swamp worm (15 damage)
             ... with a harpoon shot
             ... on level 7 of the Dungeon.
             The game lasted 00:09:42 (7409 turns).

ChadusMaximus the Summoner (Barachi Summoner)       Turns: 7409, Time: 00:09:44

Health: -9/57      AC:  5    Str:  9    XL:     9   Next: 30%
Magic:  13/19      EV: 12    Int: 21    God:
Gold:   406        SH:  0    Dex: 12    Spells: 7/22 levels left

rFire   . . .        C - +0 orcbow
rCold   . . .        (shield currently unavailable)
rNeg    + . .        a - +0 robe
rPois   .            g - +0 helmet
rElec   .            x - +0 cloak
rCorr   .            (no gloves)
SInv    .            q - +0 pair of boots {Fly}
Will    .....        (no amulet)
Stlth   ++           w - ring of positive energy
HPRegen 0.29/turn    (no ring)
MPRegen 0.16/turn

%: no passive effects
@: unable to hop, unable to call your familiar, flying, slow
A: amphibious, slowness 1, strong legs 1, +LOS
a: Hop


You were on level 7 of the Dungeon.
You visited 1 branch of the dungeon, and saw 7 of its levels.

You collected 406 gold pieces.

Inventory:

Hand Weapons
 d - a +0 dagger
 p - a +1 short sword of holy wrath
 y - a +0 antimagic spear
 C - a +0 orcbow (weapon)
Armour
 a - a +0 robe (worn)
 g - a +0 helmet (worn)
 q - a +0 pair of boots of flying (worn)
 x - a +0 cloak (worn)
 E - a +0 helmet
Jewellery
 w - a ring of positive energy (left hand)
Wands
 j - a wand of polymorph (16)
 v - a wand of flame (14)
 B - a wand of paralysis (7)
Scrolls
 c - 6 scrolls of vulnerability {unknown}
 e - 4 scrolls of amnesia {unknown}
 i - 3 scrolls of revelation {unknown}
 m - a scroll of enchant weapon {unknown}
 n - a scroll of immolation {unknown}
 r - 4 scrolls of identify {unknown}
 t - 4 scrolls of teleportation {unknown}
 z - a scroll of torment {unknown}
 A - a scroll of noise {unknown}
 D - a scroll of fear {unknown}
Potions
 b - a potion of magic
 f - a potion of cancellation {unknown}
 h - 6 potions of heal wounds {unknown}
 k - 2 potions of attraction {unknown}
 l - 3 potions of brilliance {unknown}
 o - a potion of haste {unknown}
 s - a potion of mutation {unknown}
 u - 2 potions of curing {unknown}
 F - a potion of enlightenment {unknown}
 G - a potion of resistance {unknown}


   Skills:
 - Level 2.1 Dodging
 - Level 1.7 Stealth
 + Level 7.3 Spellcasting
 * Level 12.5 Summonings


You had 7 spell levels left.
You knew the following spells:

 Your Spells              Type           Power      Damage    Failure   Level
a - Summon Small Mammal   Summ           100%       N/A       1%          1
b - Call Canine Familiar  Summ           57%        N/A       1%          3
c - Call Imp              Summ           100%       N/A       1%          2
d - Summon Lightning Spi  Summ/Air       34%        N/A       6%          4
e - Summon Forest         Summ/Tloc      17%        N/A       19%         5

Your spell library contained the following spells:

 Spells                   Type           Power      Damage    Failure   Level
 Summon Blazeheart Golem  Fire/Summ      34%        N/A       6%          4
 Apportation              Tloc           14%        N/A       9%          1
 Magic Dart               Conj           28%        1d4       9%          1
 Blink                    Tloc           14%        N/A       13%         2
 Ensorcelled Hibernation  Hex/Ice        14%        N/A       13%         2
 Lesser Beckoning         Tloc           14%        N/A       13%         2
 Momentum Strike          Conj/Tloc      14%        3d8       13%         2
 Searing Ray              Conj           14%        2d5       13%         2
 Static Discharge         Conj/Air       14%        3-4/arc   13%         2
 Fugue of the Fallen      Necr           7%         N/A       26%         3
 Passwall                 Erth           7%         N/A       26%         3
 Sigil of Binding         Hex            7%         N/A       26%         3
 Swiftness                Air            7%         N/A       26%         3
 Summon Hydra             Summ           28%        N/A       38%         7
 Airstrike                Air            3%         2d(1-17)  65%         4
 Anguish                  Hex/Necr       3%         N/A       65%         4
 Dimensional Bullseye     Hex/Tloc       3%         N/A       65%         4
 Fulminant Prism          Conj/Alch      3%         3d5       65%         4
 Dispersal                Tloc           3%         N/A       100%        6
 Eringya's Noxious Bog    Alch           3%         4d6       100%        6
 Chain Lightning          Conj/Air       3%         3d4       100%        9
 Fire Storm               Conj/Fire      3%         8d1       100%        9
 Shatter                  Erth           3%         3d7*      100%        9


Dungeon Overview and Level Annotations

Branches:
Dungeon (7/15)
 Temple: D:4-7

Altars:
Dithmenos
Makhleb
Uskayaw
Zin
The Shining One

Shops:
D:1 *   D:3 *   D:4 *

Annotations:
D:6 3 runed translucent doors, Doomgape's ghost, novice MiFi


Innate Abilities, Weirdness & Mutations

You are amphibious.
You cover ground slowly.
You can hop short distances.
You have an extended range of vision and can be seen from far away.


Message History

The bolt of electricity hits the swamp worm!
The swamp worm dies!
The bolt of electricity hits the swamp worm! x2
Casting: Summon Small Mammal (safe; 1% risk of failure)
Confirm with . or Enter, or press ? or * to list all spells.
Your canine familiar is too injured to answer your call.
Unknown command.
The swamp worm fires a harpoon shot at you.
The harpoon shot hits you!
You are yanked forward by the harpoon shot.
Your cerulean imp hits the swamp worm with a +1 spear.
The swamp worm bites you! The swamp worm closely misses you.
You shoot an arrow. The arrow barely misses the swamp worm.
Your quokka closely misses the swamp worm.
The swamp worm bites you!
Your cerulean imp hits the swamp worm with a +1 spear.
The swamp worm closely misses you.
Your quokka bites the plant.
The plant begins to die.
Your quokka bites the swamp worm but does no damage.
The swamp worm barely misses you.
Your cerulean imp hits the swamp worm but does no damage.
You shoot an arrow. The arrow barely misses the swamp worm.
The swamp worm misses you.
Your quokka splashes around in the water.
Your quokka barely misses the swamp worm.
The swamp worm bites you!
* * * LOW HITPOINT WARNING * * *
The swamp worm bites you.
* * * LOW HITPOINT WARNING * * *
Your quokka bites the plant.
Your cerulean imp hits the swamp worm but does no damage.
Your quokka closely misses the swamp worm.
Hop to where?
Press: ? - help, Dir - move target, p - swamp worm Boing!
The swamp worm bites your quokka!!
Your quokka dies!
Your quokka's corpse disappears in a puff of smoke!
The swamp worm fires a harpoon shot at you.
The harpoon shot hits you!
You die...

~≈~~#......#
#≈~#......###.#
##w##~~....<.....# .~
#~~~#~~~.......###
#~≈##~~~##≈~##.###.# #~~
/~~~~#~~.....#...
#~≈##[~~##≈~....>#######
#~~~#~~~#~~~#h.........#
##~~##~##@~.#...#.######
#..~≈~P~≈~#.#...#.#....#
#..~~w~§8~..#.###[#.##.#
#.#.~○w~~####........#.#
#..#r5.########.####.#
#..#....<.... #......#
#..########## ########
#.. #.#


You could see 2 swamp worms, a friendly lightning spire (summoned), a friendly
cerulean imp (summoned) and a friendly quokka (summoned).

Vanquished Creatures
  A phantom (D:6)
  A bullfrog (D:6)
  A jelly (D:7)
  An orc priest (D:6)
  2 adders
  A dart slug (D:3)
  A ribbon worm (D:3)
  6 orcs
  4 endoplasms
  2 giant cockroaches
  3 goblins
  5 hobgoblins
  2 jackals (D:1)
  4 quokkas
  5 ball pythons
  4 bats
  3 frilled lizards
  5 kobolds
  2 rats (D:1)
53 creatures vanquished.

Vanquished Creatures (collateral kills)
  A gargoyle (D:6)
  Grinder (D:6)
  A swamp worm (D:7)
  Duvessa (D:5)
  A black bear (D:6)
  An ogre (D:5)
  A centaur (D:5)
  2 phantoms
  A bullfrog (D:6)
  2 scorpions
  Dowan (D:5)
  2 orc priests
  A hound (D:6)
  An iguana (D:6)
  Jessica (D:2)
  Natasha (thrice) (D:3)
  5 orc wizards
  5 gnolls
  4 adders
  A shadow imp (D:5)
  A white imp (D:6)
  2 ribbon worms (D:2)
  25 orcs
  A bat (D:2)
  2 endoplasms (D:1)
  2 giant cockroaches
  2 hobgoblins (D:1)
  5 jackals (D:1)
  3 kobolds
  A quokka (D:2)
  A ball python (D:2)
  A frilled lizard (D:2)
  4 goblins (D:1)
  2 rats (D:2)
88 creatures vanquished.

Vanquished Creatures (others)
  An orc priest (D:2)
1 creature vanquished.

Grand Total: 142 creatures vanquished

Notes
Turn   | Place    | Note
-------+----------+-------------------------------------------
     0 | D:1      | ChadusMaximus the Barachi Summoner began the quest for the
                  | Orb.
     0 | D:1      | Reached XP level 1. HP: 13/13 MP: 3/3
   120 | D:1      | Found Riudo's Assorted Antiques.
   130 | D:1      | Reached skill level 5 in Summonings
   274 | D:1      | Reached XP level 2. HP: 19/19 MP: 1/5
   605 | D:1      | Found a faded altar of an unknown god.
   850 | D:1      | Reached XP level 3. HP: 24/24 MP: 4/7
  1063 | D:1      | Learned a level 3 spell: Call Canine Familiar
  1066 | D:1      | Learned a level 2 spell: Call Imp
  1674 | D:2      | Reached skill level 6 in Summonings
  1711 | D:2      | Reached XP level 4. HP: 20/30 MP: 3/8
  2080 | D:2      | Noticed Jessica
  2089 | D:2      | Killed Jessica
  2525 | D:2      | Reached XP level 5. HP: 27/35 MP: 0/10
  2709 | D:3      | Noticed Natasha
  2716 | D:3      | Killed Natasha
  2717 | D:3      | Reached skill level 7 in Summonings
  3019 | D:3      | Noticed Natasha
  3040 | D:3      | Killed Natasha
  3041 | D:3      | Reached XP level 6. HP: 16/41 MP: 2/11
  3231 | D:3      | Noticed Natasha
  3245 | D:3      | Killed Natasha
  3371 | D:3      | Found Mumoor's General Store.
  4098 | D:4      | Found Fon Lus's General Store.
  4136 | D:4      | Reached skill level 8 in Summonings
  4262 | D:4      | Reached XP level 7. HP: 27/46 MP: 6/13
  4999 | D:5      | Entered Level 5 of the Dungeon
  5230 | D:5      | Reached skill level 9 in Summonings
  5232 | D:5      | Reached skill level 5 in Spellcasting
  5320 | D:5      | Noticed Duvessa
  5321 | D:5      | Noticed Dowan
  5350 | D:5      | Killed Duvessa
  5356 | D:5      | Killed Dowan
  5537 | D:5      | Noticed a +0 short sword
  5537 | D:5      | Noticed a +0 short sword
  5537 | D:5      | Noticed a +0 dagger
  5539 | D:5      | Noticed a +0 falchion
  5542 | D:5      | Noticed a +0 dagger
  5542 | D:5      | Noticed a +0 falchion
  5542 | D:5      | Noticed a +0 spear
  5543 | D:5      | Noticed a +0 spear
  5590 | D:5      | Reached XP level 8. HP: 52/52 MP: 7/16
  5709 | D:5      | Reached skill level 10 in Summonings
  5872 | D:5      | Identified the +6 rapier "Cimyni" {pain, rElec}
  5881 | D:5      | Found a hide-covered altar of Uskayaw.
  6173 | D:5      | Learned a level 4 spell: Summon Lightning Spire
  6257 | D:6      | Noticed Grinder
  6287 | D:6      | Killed Grinder
  6329 | D:6      | Found a runed translucent gate.
  6331 | D:6      | Found a glowing silver altar of Zin.
  6331 | D:6      | Noticed Doomgape's ghost (novice MiFi)
  6334 | D:6      | Found a runed translucent gate.
  6334 | D:6      | Found a runed translucent gate.
  6342 | D:6      | Reached skill level 11 in Summonings
  6639 | D:6      | Got Sif Muna's Quarto of Shifting
  6758 | D:6      | Found a burning altar of Makhleb.
  6761 | D:6      | Reached XP level 9. HP: 57/57 MP: 14/19
  6801 | D:6      | Noticed a gargoyle
  6818 | D:6      | Killed a gargoyle
  6819 | D:6      | Reached skill level 12 in Summonings
  6966 | D:6      | Found a shadowy altar of Dithmenos.
  7178 | D:6      | Found a glowing golden altar of the Shining One.
  7303 | D:6      | Learned a level 5 spell: Summon Forest
  7409 | D:7      | Killed from afar by a swamp worm

Illustrated notes

Levels and vault maps discovered:
D:1:      psy_arrival_basics, layout_loops_ring, serial_shops,
          nicolae_diamond_shop, shapermc_ecumenical_altar_ellora,
          dk_noncrumbling_2, kennysheep_pointless_box
D:2:      layout_basic, serial_rivers, chequers_serial_rivers_small_a,
          chequers_serial_rivers_micro_e, chequers_serial_rivers_large_a,
          chequers_serial_rivers_room_b, serial_park_tiny_1,
          kennysheep_jessica_study
D:3:      layout_loops_ring, serial_shops, nicolae_shop_pleasant_corner_grove,
          uniq_natasha
D:4:      layout_basic, serial_shops, kennysheep_mini_moat, grunt_decor_clamped
D:5:      layout_basic, nicolae_uskayaw_en_pointe, uniq_duvessa
D:6:      layout_cave_pools, zin_academy, lemuel_crystal_altar,
          gammafunk_ghost_nasty_kobolds, hangedman_feature_mirror, uniq_grinder
D:7:      cheibrodos_helix_gallery, layout_basic, minmay_temple_entry_offerings,
          minmay_misc_feat_roman, worms_lemuel, uniq_jeremiah

Skill      XL: |  1  2  3  4  5  6  7  8  9 |
---------------+----------------------------+-----
Summonings     | 5 6 7 8 9 11 12 | 12.5
Spellcasting   | 3 4 5 6 7 |  7.3
Dodging        | |  2.1
Stealth        | |  1.7

Action                     |  1- 3 |  4- 6 |  7- 9 || total
---------------------------+-------+-------+-------++-------
  Melee: Unarmed           |    31 |       |       ||    31
         Dagger            |    76 |    51 |       ||   127
         Punch             |     1 |     4 |       ||     5
         Short sword       |       |   117 |    71 ||   188
   Fire: Orcbow            |       |       |    70 ||    70
   Cast: Summon Small Mamm |    26 |    14 |     9 ||    49
         Call Imp          |     3 |    15 |    19 ||    37
         Call Canine Famil |     3 |    12 |    24 ||    39
         Summon Lightning  |       |       |     5 ||     5
Ability: Hop               |       |     1 |     1 ||     2
   Stab: Sleeping          |     4 |     2 |     3 ||     9
         Distracted        |     1 |       |     1 ||     2
 Armour: Robe              |    90 |   136 |    96 ||   322
  Dodge: Dodged            |   104 |   126 |    79 ||   309
